 Dungeon Crawl Stone Soup version 0.28-a0-697-g47f3eba078 (webtiles) character file.

Game seed: 17077997936628186870

118 Gwenloh the Skirmisher (level 5, 0/41 HPs)
             Began as a Human Fighter on Oct 24, 2021.
             Succumbed to an adder's poison
             ... on level 2 of the Dungeon.
             The game lasted 00:08:32 (2997 turns).

Gwenloh the Skirmisher (Human Fighter)              Turns: 2997, Time: 00:08:33

Health: 0/41       AC: -1    Str: 16    XL:     5   Next: 23%
Magic:  5/5        EV:  9    Int:  8    God:
Gold:   144        SH:  5    Dex: 14    Spells: 4/4 levels left

rFire   . . .      SeeInvis .   a - +0 long sword
rCold   . . .      Faith    .   c - +0 buckler
rNeg    . . .      Spirit   .   j - +0 scale mail
rPois   .          Reflect  .   (no helmet)
rElec   .          Harm     .   (no cloak)
rCorr   .          Rampage  .   (no gloves)
Will    .....                   (no boots)
Stlth   ..........              (no amulet)
HPRegen 0.13/turn               (no ring)
MPRegen 0.09/turn               (no ring)

@: lethally poisoned (0 -> -8), corroded
A: no striking features
a: no special abilities


You were on level 2 of the Dungeon.
You visited 1 branch of the dungeon, and saw 3 of its levels.
You also visited: Sewer.

You collected 144 gold pieces.

Inventory:

Hand Weapons
 a - a +0 long sword (weapon)
 b - a +0 hunting sling
Missiles
 f - 64 bolts
 g - 55 sling bullets
 h - 29 stones (quivered)
Armour
 c - a +0 buckler (worn)
 j - a +0 scale mail (worn)
Scrolls
 e - a scroll of teleportation {unknown}
 i - a scroll of vulnerability {unknown}
 l - 2 scrolls of fog {unknown}
 o - 2 scrolls of identify {unknown}
 p - a scroll of brand weapon {unknown}
 q - a scroll of acquirement {unknown}
 u - a scroll of enchant weapon {unknown}
Potions
 d - 2 potions of might
 k - a potion of invisibility {unknown}
 m - 3 potions of haste {unknown}
 n - a potion of magic {unknown}
 r - a potion of brilliance {unknown}
 s - 3 potions of heal wounds {unknown}
 t - a potion of mutation {unknown}


   Skills:
 + Level 3.6 Fighting
 * Level 3.4 Long Blades
 + Level 3.5 Armour
 + Level 3.6 Shields


You had 4 spell levels left.
You didn't know any spells.
Your spell library contained the following spells:

 Spells                   Type           Power      Damage    Failure   Level
 Summon Small Mammal      Summ           0%         N/A       85%         1


Dungeon Overview and Level Annotations

Branches:
Dungeon (3/15)              Sewer (visited)

Altars:


Message History

You barely miss the giant cockroach. The giant cockroach barely misses you.
You slash the giant cockroach!
You kill the giant cockroach!
No target in view!
b - a +0 hunting sling (weapon)
You see here a giant cockroach corpse.
h - 29 stones (gained 14)
g - 55 sling bullets (gained 20)
Found a stone staircase leading down.
Found a trident.
Found an escape hatch in the ceiling.
A jelly comes into view.
The jelly quivers.
The jelly moves out of view.
Found a murky black potion.
The jelly hits you. The acid corrodes you!
You are splashed with acid!
a - a +0 long sword (weapon)
The jelly hits you. The acid corrodes you!
You are splashed with acid!
You are too injured to fight recklessly!
You are too injured to fight recklessly!
You are too injured to fight recklessly!
An adder comes into view.
The adder hisses angrily.
The adder bites you.
You are poisoned.
The adder poisons you! The adder bites you.
There is an escape hatch in the ceiling, spattered with blood here.
You feel sick. You block the jelly's attack. The adder bites you.
* * * LOW HITPOINT WARNING * * *
You are lethally poisoned!
The adder poisons you! A mysterious force pulls you upwards.
The hatch slams shut behind you.
* * * LOW HITPOINT WARNING * * *
You feel very sick.
Unknown command.
Unknown command.
You hit the jelly.
Your hands burn!
* * * LOW HITPOINT WARNING * * *
The jelly is moderately wounded.
You die...

#≈# ##.....#.#
≈≈###...≈≈≈≈.#
≈≈.##......≈.#####
≈≈.#....≈≈≈≈.....#
≈≈.#.............#
≈≈≈..............#
≈≈≈≈........<....#
≈.≈≈......))...J.#
.≈≈..#..........@#
≈≈.............S.# ###
≈≈..##...........# #≈#
≈≈..##.........### ###≈#
≈≈.≈##.........#≈###≈≈≈#
.≈≈..#........##≈#≈#≈≈##
≈≈≈..#######.##≈≈≈≈#≈#≈#
≈≈....# #.##≈≈≈≈#≈#≈#
≈≈..#.# #.##≈###≈≈#≈#


You could see a jelly and an adder.

Vanquished Creatures
  3 gnolls
  2 adders
  An ufetubus (D:3)
  5 endoplasms
  4 giant cockroaches
  6 goblins
  3 hobgoblins (D:1)
  5 kobolds
  3 quokkas (D:3)
  12 ball pythons
  5 bats
  12 frilled lizards
  8 rats
69 creatures vanquished.

Vanquished Creatures (others)
  A plant (D:1)
1 creature vanquished.

Grand Total: 70 creatures vanquished

Notes
Turn   | Place    | Note
-------+----------+-------------------------------------------
     0 | D:1      | Gwenloh the Human Fighter began the quest for the Orb.
     0 | D:1      | Reached XP level 1. HP: 18/18 MP: 1/1
   201 | D:1      | Reached XP level 2. HP: 24/24 MP: 2/2
   557 | D:1      | Found a faded altar of an unknown god.
   563 | D:1      | Got Plato's Handbook of Calling
   762 | D:1      | Reached XP level 3. HP: 29/29 MP: 3/3
  1037 | D:2      | Reached XP level 4. HP: 20/35 MP: 4/4
  2100 | D:3      | Found a glowing drain.
  2126 | D:3      | Reached XP level 5. HP: 33/41 MP: 5/5
  2194 | Sewer    | Entered a sewer
  2997 | D:2      | HP: 2/41 [acid (4)]
  2997 | D:2      | Succumbed to an adder's poison

Illustrated notes

Levels and vault maps discovered:
D:1:      erik_arrival_blinker_ship, layout_loops_ring,
          shapermc_ecumenical_altar_rom_forum
D:2:      layout_basic, serial_rivers, chequers_serial_rivers_small_3,
          chequers_serial_rivers_large_b, chequers_serial_rivers_small_b,
          chequers_serial_rivers_micro_d, hangedman_feature_mirror,
          kennysheep_minor_cross
D:3:      layout_loops_ring, gammafunk_ghost_grave, portal_sewer_entry_f

Skill      XL: |  1  2  3 |
---------------+----------+-----
Long Blades    | 3 |  3.4
Fighting       | |  3.6
Armour         | |  3.5
Shields        | |  3.6

Action                   |  1- 3 |  4- 6 || total
-------------------------+-------+-------++-------
Melee: Long sword        |    76 |    67 ||   143
 Fire: Hunting sling     |    13 |    62 ||    75
Throw: Stone             |    13 |     4 ||    17
Armor: Scale mail        |    25 |    32 ||    57
Dodge: Dodged            |    33 |    26 ||    59
Block: Buckler           |    15 |    21 ||    36

Table legend: (Time is in decaauts)
 A = Elapsed time spent in this place.
 B = Non-inter-level travel time spent in this place.
 C = Inter-level travel time spent in this place.
 D = Time resting spent in this place.
 E = Time spent auto-exploring this place.
 F = Levels seen in this place.
 G = Mean time per level.
                   A        B        C        D        E       F      G
               +--------+--------+--------+--------+--------+-----+--------+
         Total |   3130 |   3107 |     23 |    359 |   1860 |   4 |  782.5 |
       Dungeon |   2605 |   2582 |     23 |    264 |   1736 |   3 |  868.3 |
         Sewer |    525 |    525 |      0 |     95 |    123 |   1 |  525.0 |
               +--------+--------+--------+--------+--------+-----+--------+

Top non-repeatable levels by time:
     D:2: 1156 daAuts
     D:1: 875 daAuts
     D:3: 572 daAuts
   Sewer: 525 daAuts
